 Dungeon Crawl Stone Soup version 0.22-a0-430-g6609fc65db (webtiles) character file.

3909 Manul the Carver (level 10, -5/79 HPs)
             Began as a Demonspawn Gladiator on May 26, 2018.
             Slain by Joseph
             ... wielding a +0 quarterstaff
              (11 damage)
             ... on level 8 of the Dungeon.
             The game lasted 00:09:12 (6213 turns).

Manul the Carver (Demonspawn Gladiator)             Turns: 6213, Time: 00:09:12

Health: -5/79      AC: 11    Str: 13 (14) XL:     10   Next: 1%
Magic:  0/19       EV: 13    Int: 12 (14) God:
Gold:   302        SH:  0    Dex: 17 (19) Spells: 9/9 levels left

rFire    + . .     SeeInvis .   H - +2 falchion (freeze)
rCold    + . .     Gourm    .   (no shield)
rNeg     . . .     Faith    .   D - +1 ring mail
rPois    +         Spirit   +   (helmet restricted)
rElec    +         Reflect  .   (no cloak)
rCorr    +         Harm     .   (no gloves)
MR       .....                  (no boots)
Stlth    ++........             k - amulet of guardian spirit
HPRegen  0.23/turn              l - ring of magical power
MPRegen  0.16/turn              r - +5 ring of intelligence

@: resistant, flying, invisible
A: horns 1, thin metallic scales 3, powered by death 2, magic shield
a: no special abilities


You were on level 8 of the Dungeon.
You were not hungry.

You visited 2 branches of the dungeon, and saw 9 of its levels.

You collected 302 gold pieces.

Inventory:

Hand Weapons
 a - a +0 long sword
 H - a +2 falchion of freezing (weapon)
Missiles
 d - a throwing net (quivered)
 s - 7 silver tomahawks
Armour
 b - a +0 leather armour
 c - a +0 helmet
 D - a +1 ring mail (worn)
 L - a +1 helmet of intelligence
Jewellery
 k - an amulet of guardian spirit (around neck)
 l - a ring of magical power (left hand)
 m - an uncursed ring of wizardry
 r - a +5 ring of intelligence (right hand)
Wands
 z - a wand of scattershot (5)
 E - a wand of disintegration (11)
 I - a wand of random effects (26)
Scrolls
 e - 6 scrolls of identify
 h - 4 scrolls of remove curse {unknown}
 i - a scroll of amnesia {unknown}
 n - a scroll of blinking {unknown}
 p - a scroll of fog
 q - a scroll of enchant armour
 t - 3 scrolls of teleportation {unknown}
 y - a scroll of enchant weapon {unknown}
 G - a scroll of brand weapon {unknown}
 K - a scroll of fear {unknown}
Potions
 j - a potion of brilliance {unknown}
 o - a potion of flight
 u - a potion of haste {unknown}
 v - 2 potions of curing
 w - a potion of might {unknown}
 A - a potion of lignification {unknown}
 B - a potion of agility {unknown}
 C - a potion of resistance
 J - a potion of invisibility
 M - a potion of mutation {unknown}
Comestibles
 f - 9 rations
 F - 12 chunks of flesh


   Skills:
 + Level 7.0 Fighting
 + Level 9.3 Long Blades
 + Level 2.0 Throwing
 + Level 5.0 Armour
 + Level 5.2 Dodging
 + Level 2.6 Stealth
 + Level 0.9 Evocations


You had 9 spell levels left.
You didn't know any spells.
Your spell library contained the following spells:

 Spells                   Type           Power        Failure   Level  Hunger
 Magic Dart               Conj           #...         54%         1    ##.....
 Summon Small Mammal      Summ           #...         54%         1    ##.....
 Iskenderun's Mystic Bla  Conj           #.......     100%        4    #####..
 Fulminant Prism          Conj/Hex       #.........   100%        4    #####..
 Dazzling Spray           Conj/Hex       #.....       89%         3    ####...
 Force Lance              Conj/Tloc      #.......     100%        4    #####..
 Searing Ray              Conj           #.....       69%         2    ###....


Dungeon Overview and Level Annotations

Branches:
Dungeon (8/15)             Temple (1/1) D:5
   Lair: D:8-11

Altars:
Ashenzari
Cheibriados
Dithmenos
Elyvilon
Hepliaklqana
Kikubaaqudgha
Makhleb
Nemelex Xobeh
Okawaru
Qazlal
Ru
Sif Muna
Trog
Uskayaw
Vehumet
Wu Jian
Xom
Yredelemnul
Zin
The Shining One

Shops:
D:8 =

Annotations:
D:8 Joseph


Innate Abilities, Weirdness & Mutations

You have a pair of small horns on your head.
You are completely covered in thin metallic scales. (AC +4, rElec)
You regenerate health from kills.
When hurt, damage is shared between your health and your magic reserves.


Message History

Joseph closely misses you. The orc closely misses you.
Unknown command.
Okay, then.
You feel much better. The hippogriff bites you.
* * * LOW HITPOINT WARNING * * *
The hippogriff pecks you but does no damage.
The hippogriff claws you but does no damage.
The orc priest calls down the wrath of Beogh upon you.
Beogh smites you!
* * * LOW HITPOINT WARNING * * *
The orc hits you but does no damage. Joseph hits you with a quarterstaff.
* * * LOW HITPOINT WARNING * * *
The orc completely misses you.
Okay, then.
It was a potion of invisibility.
You fade into invisibility!
The hippogriff completely misses you. x2; The hippogriff barely misses you.
The orc priest barely misses you. The orc barely misses you.
Joseph hits you with a quarterstaff!
You die...

#....................
#...#####.#####.##.#.
.###... #.# #.##.#.
.......#####.#####)##.#.
......#.................
....................)...
................<.......
.#...Ho#.#########.#.#.
#...o@#.# #.#.#.
#...@o#.# #...#.
#....o#.# ##..#.
##+##.#.# #..#. .....
..# ....# ##. ..


You could see Joseph, a hippogriff, 2 orc priests and 2 orcs.

Vanquished Creatures
  A two-headed ogre (D:7)
  Psyche (D:8)
  A hippogriff (D:8)
  An orc warrior (D:7)
  A phantom (D:7)
  An ice beast (D:8)
  4 ogres
  A necrophage (D:7)
  A big kobold (D:7)
  4 bullfrogs
  A wyvern skeleton (D:7)
  3 scorpions
  6 killer bees (D:7)
  8 wights
  A howler monkey (D:8)
  2 crimson imps
  A centaur zombie (D:6)
  2 bullfrog zombies (D:6)
  5 hounds
  3 orc priests
  A bullfrog skeleton (D:6)
  2 orc wizards (D:7)
  A centaur skeleton (D:7)
  2 iguanas
  5 worker ants
  A hound skeleton (D:5)
  A howler monkey skeleton (D:8)
  12 adders
  3 shadow imps
  An adder skeleton (D:6)
  2 dart slugs
  2 worms
  7 leopard geckos
  24 orcs
  6 giant cockroaches
  7 goblins
  8 hobgoblins
  6 jackals (D:3)
  5 quokkas
  4 ball pythons
  10 bats
  4 frilled lizards
  14 kobolds
  A leopard gecko zombie (D:5)
  A quokka skeleton (D:6)
  16 rats
194 creatures vanquished.

Notes
Turn   | Place    | Note
-------+----------+-------------------------------------------
     0 | D:1      | Manul the Demonspawn Gladiator began the quest for the Orb.
     0 | D:1      | Reached XP level 1. HP: 16/16 MP: 1/1
     3 | D:1      | Noticed a centaur
     3 | D:1      | Noticed a merfolk
     5 | D:1      | Noticed an elf
     7 | D:1      | Noticed a ghoul
     7 | D:1      | Noticed a troll
     9 | D:1      | Noticed a dwarf
    11 | D:1      | Noticed a formicid
    11 | D:1      | Noticed a draconian
    13 | D:1      | Noticed a vine stalker
    13 | D:1      | Noticed a naga
    15 | D:1      | Noticed a gargoyle
    17 | D:1      | Noticed a spriggan
    17 | D:1      | Noticed a demonspawn
    19 | D:1      | Noticed an ogre
    19 | D:1      | Noticed a human
    21 | D:1      | Noticed an octopode
    21 | D:1      | Noticed a minotaur
    23 | D:1      | Noticed a vampire
    23 | D:1      | Noticed a felid
    25 | D:1      | Noticed a demigod
    25 | D:1      | Noticed a tengu
    27 | D:1      | Noticed a halfling
   411 | D:1      | Reached skill level 3 in Long Blades
   436 | D:1      | Gained mutation: You regenerate a little health from kills. [demonic ancestry]
   436 | D:1      | Reached XP level 2. HP: 22/22 MP: 2/2
  1184 | D:2      | Reached XP level 3. HP: 27/27 MP: 3/3
  1413 | D:2      | Found an ornate altar of the Wu Jian Council.
  1420 | D:2      | Reached skill level 1 in Armour
  1450 | D:2      | Gained mutation: You are partially covered in thin metallic scales. (AC +2) [demonic ancestry]
  1450 | D:2      | Reached XP level 4. HP: 28/33 MP: 4/4
  1495 | D:2      | Found a burning altar of Makhleb.
  1495 | D:2      | Noticed a cacodemon
  1942 | D:3      | Reached skill level 4 in Long Blades
  2011 | D:3      | Reached XP level 5. HP: 37/39 MP: 5/5
  2084 | D:3      | Found an ancient bone altar of Kikubaaqudgha.
  2084 | D:3      | Found a deep blue altar of Sif Muna.
  2086 | D:3      | Found a radiant altar of Vehumet.
  2095 | D:3      | Identified Sif Muna's Compendium of the Entourage
  2495 | D:3      | Found a hazy altar of Hepliaklqana.
  2495 | D:3      | Found a glowing silver altar of Zin.
  3079 | D:4      | Gained mutation: You are mostly covered in thin metallic scales. (AC +3) [demonic ancestry]
  3079 | D:4      | Reached XP level 6. HP: 35/46 MP: 6/6
  3392 | D:5      | Entered Level 5 of the Dungeon
  3392 | D:5      | Found a snail-covered altar of Cheibriados.
  3420 | D:5      | Got a translucent rapier
  3467 | D:5      | Reached skill level 5 in Long Blades
  3553 | D:5      | Found a bloodstained altar of Trog.
  3620 | D:5      | Found a staircase to the Ecumenical Temple.
  3757 | Temple   | Entered the Ecumenical Temple
  3905 | D:6      | Gained mutation: When hurt, damage is shared between your health and your magic reserves. [demonic ancestry]
  3905 | D:6      | Reached XP level 7. HP: 37/53 MP: 7/7
  4383 | D:6      | Reached skill level 6 in Long Blades
  4383 | D:6      | Reached skill level 1 in Stealth
  4408 | D:6      | Found a glowing golden altar of the Shining One.
  4487 | D:6      | Gained mutation: You are completely covered in thin metallic scales. (AC +4, rElec) [demonic ancestry]
  4487 | D:6      | Reached XP level 8. HP: 58/61 MP: 8/8
  4573 | D:6      | Found a sparkling altar of Nemelex Xobeh.
  4647 | D:6      | Reached skill level 7 in Long Blades
  5149 | D:7      | Reached skill level 5 in Fighting
  5222 | D:7      | Found a hazy altar of Hepliaklqana.
  5224 | D:7      | Noticed a two-headed ogre
  5239 | D:7      | HP: 1/62 [two-headed ogre/giant club (15)]
  5245 | D:7      | Killed a two-headed ogre
  5245 | D:7      | Reached skill level 8 in Long Blades
  5245 | D:7      | Gained mutation: You regenerate health from kills. [demonic ancestry]
  5245 | D:7      | Reached XP level 9. HP: 2/68 MP: 0/9
  5781 | D:7      | Reached skill level 5 in Dodging
  5956 | D:8      | Noticed Psyche
  5964 | D:8      | Killed Psyche
  5964 | D:8      | Reached skill level 9 in Long Blades
  5964 | D:8      | Reached skill level 5 in Armour
  6038 | D:8      | Found Nuyxit's Jewellery Emporium.
  6075 | D:8      | Gained mutation: You have a pair of small horns on your head. [demonic ancestry]
  6075 | D:8      | Reached XP level 10. HP: 56/79 MP: 10/10
  6192 | D:8      | Noticed Joseph
  6213 | D:8      | Slain by Joseph

Vault maps used:
D:1:      kb_arrival_jail, minmay_ruptured
D:2:      lemuel_round_altar, kennysheep_decorative_pillar, grunt_ministairs_1,
          makhleb_altar_promises_db
D:3:      grunt_temple_overflow_magic_moments,
          gammafunk_temple_overflow_elements, minmay_crystal_water,
          minmay_cut_off
D:4:      first_ration, palyth_stone_intersect
D:5:      overflow_temple_1_default, nicolae_overflow_crystal_walls,
          minmay_temple_entry_poolview
D:6:      kennysheep_mini_moat, kennysheep_mini, wad_floor_pattern_untrapped
D:7:      basic_altar
D:8:      serial_shops, shop, uniq_psyche, uniq_joseph
Temple:   eino_wide_crystal_templ

Skill      XL: |  1  2  3  4  5  6  7  8  9 |
---------------+----------------------------+-----
Long Blades    | 3 4 5 6 8 9 |  9.3
Dodging        | 3 4 5 |  5.2
Armour         | 1 2 3 4 5 |  5.0
Fighting       | 3 4 5 7 |  7.0
Stealth        | 1 2 |  2.6
Throwing       | 2 |  2.0
Evocations     | |  0.9

Action                   |  1- 3 |  4- 6 |  7- 9 | 10-12 || total
-------------------------+-------+-------+-------+-------++-------
Melee: Long sword        |   110 |   276 |   171 |       ||   557
       Falchion          |       |       |   249 |    17 ||   266
       Headbutt          |       |       |       |     7 ||     7
Throw: Throwing net      |       |       |     3 |       ||     3
Evoke: Wand              |       |       |     2 |       ||     2
  Use: Scroll            |       |     2 |       |     1 ||     3
       Potion            |       |       |     1 |     7 ||     8
 Stab: Sleeping          |     1 |     1 |       |       ||     2
       Held in net/web   |       |       |     2 |       ||     2
  Eat: Chunk             |     2 |     8 |     8 |     1 ||    19
Armor: Leather armour    |    41 |   100 |    15 |       ||   156
       Ring mail         |       |       |   129 |    13 ||   142
Dodge: Dodged            |    94 |   211 |   258 |    25 ||   588
       Rpst.: Long sword |    37 |    76 |    33 |       ||   146
       Falchion          |       |       |    43 |     5 ||    48

Table legend:
 A = Spawn XP
 B = Non-spawn XP
 C = Spawn XP percentage of total XP
 D = Spawn monster count
 E = Non-spawn monster count
 F = Spawn count percentage of total count
 G = Total turns spent on level
                    A         B        C        D         E        F      G
               +---------+---------+-------+---------+---------+-------+---------
         Total |       0 |    5585 |   0.0 |       0 |     194 |   0.0 |  6213
               +---------+---------+-------+---------+---------+-------+---------
           D:1 |       0 |      30 |   0.0 |       0 |      21 |   0.0 |  1130
           D:2 |       0 |      89 |   0.0 |       0 |      30 |   0.0 |   683
           D:3 |       0 |     128 |   0.0 |       0 |      46 |   0.0 |  1059
           D:4 |       0 |     188 |   0.0 |       0 |      13 |   0.0 |   520
           D:5 |       0 |     302 |   0.0 |       0 |      11 |   0.0 |   693
           D:6 |       0 |    1222 |   0.0 |       0 |      27 |   0.0 |   996
           D:7 |       0 |    2504 |   0.0 |       0 |      36 |   0.0 |   819
           D:8 |       0 |    1122 |   0.0 |       0 |      10 |   0.0 |   257
               +---------+---------+-------+---------+---------+-------+---------
